Map: Acropolis LE

Players

Zanster

  • Race: Zerg Zerg
  • Spawn Location: 11:00

Zest - Winner!

  • Race: Protoss Protoss
  • League: Master
  • Spawn Location: 5:00

Event: HomeStory Cup XX

VOD

Have the link to the VOD?

Description

Time

  • Played on: Nov. 22, 2019, 6:30 a.m.
  • Length: 8:38

All games in this series

Show
View Real Time Build Order
Export as new Build Order

Zanster Zerg 

Build Orders: Hatch First 

Get SALT Encoding   

  12  0:00  Drone  
  13  0:13  Overlord  
  13  0:16  Drone  
  14  0:31  Drone  
  14  0:32  Drone  
  16  0:48  Hatchery  
  15  0:51  Drone  
  15  0:54  Drone  
  17  0:58  Drone  
  18  1:08  Extractor  
  17  1:13  Spawning Pool  
  17  1:16  Drone  
  17  1:19  Drone  
  18  1:29  Drone  
  19  1:39  Drone  
  20  1:51  Drone  
  21  2:00  Queen x2  
  21  2:01  Overlord  
  25  2:02  Zergling x2  
  26  2:11  Metabolic Boost  
  26  2:13  Zergling x2  
  26  2:14  Drone  
  28  2:23  Drone  
  28  2:28  Drone  
  30  2:35  Hatchery  
  30  2:37  Drone  
  30  2:44  Queen  
  30  2:47  Zergling x2  
  30  2:49  Zergling x2  
  34  2:54  Overlord  
  33  2:59  Drone x2  
  35  3:12  Overlord  
  35  3:13  Drone x4  
  35  3:15  Drone  
  40  3:21  Overlord  
  40  3:25  Overlord  
  40  3:32  Drone  
  41  3:37  Drone  
  41  3:40  Drone  
  44  3:41  Drone  
  44  3:42  Drone  
  44  3:45  Drone  
  44  3:46  Roach Warren  
  44  3:48  Extractor, Drone x2  
  46  3:49  Extractor  
  46  3:51  Drone  
  46  3:54  Drone  
  46  3:55  Drone x2  
  48  3:58  Drone  
  48  4:01  Drone  
  51  4:05  Lair  
  51  4:08  Overlord  
  51  4:09  Drone  
  52  4:11  Drone  
  52  4:13  Overlord  
  52  4:15  Drone  
  54  4:20  Extractor  
  54  4:21  Drone x4  
  57  4:26  Roach x2  
  57  4:28  Zergling x2  
  62  4:33  Roach  
  62  4:34  Zergling x2, Roach  
  66  4:43  Zergling x2, Roach x2  
  64  4:53  Zergling x4  
  64  4:54  Zergling x2  
  64  4:57  Drone x2  
  67  5:00  Drone x2  
  67  5:01  Drone x2  
  67  5:04  Roach  
  73  5:10  Overlord  
  73  5:11  Glial Reconstitution  
  73  5:18  Zergling x2, Roach x3  
  73  5:20  Overseer  
  80  5:26  Overseer  
  76  5:34  Drone x3  
  76  5:35  Drone x4  
  78  5:41  Drone x2  
  76  5:51  Roach x2  
  76  5:55  Roach  
  76  5:56  Roach  
  84  5:57  Overseer  
  84  6:08  Roach x2  
  84  6:11  Overlord  
  88  6:15  Overlord  
  88  6:16  Overlord x3  
  84  6:26  Roach x2  
  84  6:28  Overlord  
  85  6:34  Roach  
  85  6:35  Roach x4  
  85  6:38  Overlord  
  95  6:43  Roach x3  
  101  6:52  Roach x4  
  109  6:59  Roach  
  109  7:00  Roach x2  
  115  7:03  Ravager  
  115  7:04  Ravager  
  115  7:05  Zergling x6  
  115  7:06  Zergling x4  
  121  7:10  Ravager  
  121  7:13  Zergling x8  
  126  7:16  Overlord  
  126  7:21  Zergling x6  
  126  7:22  Zergling x2  
  130  7:23  Ravager  
  124  7:36  Roach  
  124  7:37  Zergling x2, Roach x2  
  104  7:43  Zergling x8, Roach x2  
  89  7:47  Zergling x2, Roach  
  89  7:48  Zergling x4  
  83  7:53  Roach  
  83  7:54  Zergling x2, Roach  
  80  8:00  Roach x2  
  80  8:01  Zergling x2  
  80  8:05  Overseer  
  75  8:11  Roach  
  75  8:12  Roach  
  77  8:17  Drone x2  
  77  8:18  Drone  
Show
View Real Time Build Order
Export as new Build Order

Zest Protoss - Winner!

Build Orders: 1 Gate Expand, Archon Immortal, Archon Drop, Dark Templar Rush 

Get SALT Encoding   

  12  0:00  Probe  
  13  0:12  Probe  
  14  0:18  Pylon  
  14  0:23  Probe  
  15  0:32  Probe  
  15  0:37  Gateway  
  15  0:40  Probe  
  16  0:46  Assimilator  
  17  0:51  Probe  
  18  1:03  Probe  
  19  1:15  Probe  
  20  1:24  Cybernetics Core  
  20  1:32  Nexus  
  20  1:35  Probe  
  21  1:42  Pylon  
  21  1:47  Probe  
  21  1:50  Assimilator  
  21  1:51  Adept  
  22  1:59  Probe  
  25  2:02  Warp Gate  
  25  2:11  Adept, Probe  
  28  2:24  Probe  
  29  2:35  Robotics Facility  
  29  2:36  Stalker, Probe  
  32  2:46  Probe  
  32  2:48  Probe  
  34  2:58  Probe  
  35  3:00  Probe  
  35  3:04  Sentry  
  36  3:05  Gateway  
  36  3:10  Probe  
  36  3:12  Probe  
  40  3:14  Warp Prism  
  40  3:17  Twilight Council  
  40  3:25  Probe  
  43  3:30  Pylon  
  43  3:36  Probe  
  43  3:37  Probe  
  43  3:41  Forge  
  45  3:48  Probe  
  45  3:50  Probe  
  45  3:52  Observer  
  45  3:55  Dark Shrine  
  48  3:57  Probe  
  48  3:59  Assimilator  
  48  4:01  Assimilator  
  48  4:02  Probe  
  50  4:11  Pylon  
  50  4:14  Adept x2  
  54  4:21  Pylon  
  54  4:29  Probe x2  
  54  4:30  Immortal  
  60  4:53  Protoss Ground Weapons Level 1  
  60  4:58  Gateway  
  60  4:59  Gateway  
  58  5:01  Immortal, Gateway  
  58  5:03  Gateway  
  56  5:07  Dark Templar x2  
  64  5:16  Probe  
  64  5:17  Probe  
  63  5:35  Probe x2  
  63  5:37  Pylon  
  63  5:39  Pylon  
  62  5:45  Immortal  
  66  5:52  Gateway  
  66  5:58  Dark Templar x3  
  66  6:01  Pylon  
  66  6:02  Archon x2  
  72  6:04  Sentry  
  72  6:10  Gateway  
  74  6:21  Immortal  
  78  6:33  Stalker  
  78  6:34  Stalker  
  82  6:41  Dark Templar x2  
  82  6:42  Zealot x2  
  90  6:48  Pylon  
  90  6:53  Pylon  
  90  6:54  Observer  
  91  7:04  Nexus  
  91  7:10  Stalker  
  91  7:11  Stalker, Sentry  
  97  7:17  Stalker x2  
  99  7:36  Dark Templar  
  91  7:37  Zealot x4  
  77  7:57  Stalker x5  
  85  8:02  Stalker x5  
  85  8:03  Stalker  
  85  8:07  Stalker  
  79  8:28  Stalker x6  
Tags
 
Add a new tag
Caveats
  • Supply blocks, unpowered buildings, or Contaminate may cause inaccurate times.
  • Supply counts are checked every 10 seconds.